AoeStats
← Xhour

Black Forest

509373180Analyzed
2v2 RM · 6d ago on Sep 26, 2026· 65m 42s· 4 players
Game mode
Random Map
Map size
Medium (4 player)
Population
200
Speed
Normal
Resources
Standard
Victory
Conquest
Starting age
Dark Age
Ending age
Imperial Age
RankedLock teamsTeams togetherTeam positionsShared explorationLock speedFull tech treeHidden civsTurbo modeCheats
Victory
Defeat
🇫🇷 Franks · France
862
+14
🇫🇷 Spanish · France
830
+16
🇸🇦 Ethiopians · Saudi Arabia
829
-15
🇸🇦 Saxons · Saudi Arabia
822
-15
PENAROZAx
4:31 Loom
11:30 Feudal Age
15:20 Castle Age
14:14 Double-Bit Axe
16:26 Bow Saw
16:25 Scale Barding Armor
17:44 Horse Collar
19:20 Heavy Plow
22:22 Chain Barding Armor
22:24 Gold Mining
25:16 Forging
24:58 Fletching
29:24 Imperial Age
28:25 Wheelbarrow
29:35 Stone Mining
30:22 Gold Shaft Mining
30:31 Hand Cart
33:31 Chemistry
32:30 Bodkin Arrow
33:13 Ballistics
33:31 Iron Casting
33:06 Scale Mail Armor
33:36 Bracer
33:40 Padded Archer Armor
35:40 Blast Furnace
36:25 Elite Shotel Warrior
37:26 Conscription
39:26 Royal Heirs
41:00 Onager
42:51 Chain Mail Armor
45:47 Capped Ram
49:10 Fortified Wall
48:57 Murder Holes
53:02 Squires
52:48 Arson
53:55 Halberdier
60:28 Light Cavalry
61:09 Husbandry
61:42 Plate Mail Armor
62:58 Hussar
TartarRush
1:34 Loom
13:07 Feudal Age
14:10 Double-Bit Axe
14:20 Gold Mining
18:40 Castle Age
17:04 Horse Collar
20:51 Bow Saw
28:20 Heavy Plow
29:33 Town Watch
30:28 Wheelbarrow
32:45 Imperial Age
30:32 Padded Archer Armor
30:23 Fletching
30:06 Pikeman
31:51 Bodkin Arrow
32:12 Leather Archer Armor
32:09 Forging
32:00 Scale Mail Armor
31:25 Crossbowman
32:12 Thumb Ring
33:00 Ballistics
33:42 Squires
33:30 Arson
33:10 Arbalester
33:57 Bracer
35:00 Conscription
35:21 Gold Shaft Mining
36:16 Ring Archer Armor
36:03 Chain Mail Armor
37:14 Shield Wall
42:14 Plate Mail Armor
41:08 Halberdier
59:48 Two-Man Saw
61:03 Iron Casting
63:24 Elite Varangian Guard
64:30 Gambesons
__yoshimitsu__
0:37 Loom
14:33 Feudal Age
16:03 Wheelbarrow
15:16 Double-Bit Axe
15:14 Horse Collar
15:29 Gold Mining
19:21 Stone Mining
22:08 Castle Age
23:43 Hand Cart
23:43 Bow Saw
23:40 Heavy Plow
24:20 Stone Shaft Mining
33:49 Imperial Age
34:14 Fortified Wall
34:00 Murder Holes
34:15 Masonry
34:12 Caravan
35:59 Chemistry
35:10 Masonry
35:09 Fishing Lines
36:49 Two-Man Saw
36:55 Conscription
37:48 Bombard Tower
37:44 Forging
37:39 Scale Barding Armor
40:54 Cavalier
41:34 Husbandry
41:45 Bloodlines
45:34 Iron Casting
45:19 Chain Barding Armor
45:55 Architecture
45:46 Ballistics
45:59 Paladin
Xhour
0:33 Loom
16:19 Feudal Age
16:44 Double-Bit Axe
16:54 Gold Mining
17:43 Wheelbarrow
17:14 Fishing Lines
17:38 Stone Mining
19:36 Town Watch
24:47 Castle Age
23:49 Scale Mail Armor
24:05 Scale Barding Armor
25:44 Bow Saw
27:04 Gold Shaft Mining
27:17 Hand Cart
28:41 Masonry
28:43 Murder Holes
29:03 Husbandry
28:35 Light Cavalry
29:43 Caravan
31:49 Chain Mail Armor
31:37 Gillnets
32:31 Fortified Wall
33:01 Town Patrol
33:31 Forging
37:59 Imperial Age
36:30 Chain Barding Armor
39:29 Hoardings
40:10 Chemistry
40:13 Conscription
39:25 Cavalier
41:46 Siege Engineers
42:19 Plate Barding Armor
42:14 Plate Mail Armor
42:41 Chivalry
43:11 Treadmill Crane
43:09 Ordonnance Companies
43:17 Elite Throwing Axeman
45:22 Iron Casting
45:23 Paladin
48:52 Padded Archer Armor
48:42 Fletching
49:53 Blast Furnace
59:34 Crossbowman
Connection lost

Rejoining the realm…

Still unreachable

The connection could not be restored.

Session expired

The server has moved on; the page needs a fresh start.